Workbook

Sheet Summary SL
A1: Kelly's Boutique
A2: Equipment Depreciation Summary
A4: Asset | B4: Date Acquired | C4: Cost | D4: Deprec. Method | E4: 2007 Deprec. | F4: 2007 Acc. Deprec. | G4: 2008 Deprec. | H4: 2008 Acc. Deprec. | I4: 2009 Deprec. | J4: 2009 Acc. Deprec. | K4: 2010 Deprec. | L4: 2010 Acc. Deprec.
A5: ='Asset 101 SL'!B4 -> Building | B5: ='Asset 101 SL'!B5 -> 39083 | C5: ='Asset 101 SL'!B6 -> 500000 | D5: ='Asset 101 SL'!B7 -> S/L | E5: ='Asset 101 SL'!B12 -> 0 | F5: ='Asset 101 SL'!C12 -> 0 | G5: ='Asset 101 SL'!B13 -> 0 | H5: ='Asset 101 SL'!C13 -> 0 | I5: ='Asset 101 SL'!B14 -> 0 | J5: ='Asset 101 SL'!C14 -> 0 | K5: ='Asset 101 SL'!B15 -> 0 | L5: ='Asset 101 SL'!C15 -> 0
A6: ='Asset 102 SL'!B4 -> Computer System | B6: ='Asset 102 SL'!B5 -> 39814 | C6: ='Asset 102 SL'!B6 -> 65000 | D6: ='Asset 102 SL'!B7 -> S/L | I6: ='Asset 102 SL'!B12 -> 0 | J6: ='Asset 102 SL'!C12 -> 0 | K6: ='Asset 102 SL'!B13 -> 0 | L6: ='Asset 102 SL'!C13 -> 0
A7: ='Asset 103 SL'!B4 -> Phone System | B7: ='Asset 103 SL'!B5 -> 39814 | C7: ='Asset 103 SL'!B6 -> 46500 | D7: ='Asset 103 SL'!B7 -> S/L | I7: ='Asset 103 SL'!B12 -> 0 | J7: ='Asset 103 SL'!C12 -> 0 | K7: ='Asset 103 SL'!B13 -> 0 | L7: ='Asset 103 SL'!C13 -> 0
A11: Total | C11: =SUM(C5:C10) -> 611500 | E11: =SUM(E5:E10) -> 0 | F11: =SUM(F5:F10) -> 0 | G11: =SUM(G5:G10) -> 0 | H11: =SUM(H5:H10) -> 0 | I11: =SUM(I5:I10) -> 0 | J11: =SUM(J5:J10) -> 0 | K11: =SUM(K5:K10) -> 0 | L11: =SUM(L5:L10) -> 0

Sheet Asset 101 SL
A1: Kelly's Boutique Depreciation Schedule
A3: Asset # | B3: 101
A4: Asset | B4: Building
A5: Date acquired | B5: 39083
A6: Cost | B6: 500000
A7: Depreciation method | B7: S/L
A8: Salvage value | B8: 50000
A9: Estimated useful life | B9: 20
A11: Year | B11: Depreciation Expense | C11: Accumulated Depreciation
A12: 2007
A13: 2008
A14: 2009
A15: 2010
A16: 2011
A17: 2012
A18: 2013
A19: 2014
A20: 2015
A21: 2016
A22: 2017
A23: 2018
... A31: 2026

Sheet Asset 102 SL
A1: Kelly's Boutique Depreciation Schedule
A3: Asset # | B3: 102
A4: Asset | B4: Computer System
A5: Date acquired | B5: 39814
A6: Cost | B6: 65000
A7: Depreciation method | B7: S/L
A8: Salvage value | B8: 1000
A9: Estimated useful life | B9: 5
A11: Year | B11: Depreciation Expense | C11: Accumulated Depreciation
A12: 2009
A13: 2010
A14: 2011
A15: 2012
A16: 2013

Sheet Asset 103 SL
A1: Kelly's Boutique Depreciation Schedule
A3: Asset # | B3: 103
A4: Asset | B4: Phone System
A5: Date acquired | B5: 39814
A6: Cost | B6: 46500
A7: Depreciation method | B7: S/L
A8: Salvage value | B8: 1000
A9: Estimated useful life | B9: 5
A11: Year | B11: Depreciation Expense | C11: Accumulated Depreciation
A12: 2009
A13: 2010
A14: 2011
A15: 2012
A16: 2013

Sheet Summary DDB
A1: Kelly's Boutique
A2: Equipment Depreciation Summary
A4: Asset | B4: Date Acquired | C4: Cost | D4: Deprec. Method | E4: 2007 Deprec. | F4: 2007 Acc. Deprec. | G4: 2008 Deprec. | H4: 2008 Acc. Deprec. | I4: 2009 Deprec. | J4: 2009 Acc. Deprec. | K4: 2010 Deprec. | L4: 2010 Acc. Deprec.
A11: Total | C11: =SUM(C5:C10) -> 0 | E11: =SUM(E5:E10) -> 0 | F11: =SUM(F5:F10) -> 0 | G11: =SUM(G5:G10) -> 0 | H11: =SUM(H5:H10) -> 0 | I11: =SUM(I5:I10) -> 0 | J11: =SUM(J5:J10) -> 0 | K11: =SUM(K5:K10) -> 0 | L11: =SUM(L5:L10) -> 0

Sheet Asset 101 DDB
A1: Kelly's Boutique Depreciation Schedule
A3: Asset # | B3: 101
A4: Asset | B4: Building
A5: Date acquired | B5: 39083
A6: Cost | B6: 500000
A7: Depreciation method | B7: DDB
A8: Salvage value | B8: 50000
A9: Estimated useful life | B9: 20
A11: Year | B11: Depreciation Expense | C11: Accumulated Depreciation | E11: Straight-Line Test | F11: Switch | G11: Depreciation Expense | H11: Accumulated Depreciation
A12: 2007
A13: 2008
A14: 2009
A15: 2010
A16: 2011
A17: 2012
A18: 2013
A19: 2014
A20: 2015
A21: 2016
A22: 2017
A23: 2018
... A31: 2026

Sheet Asset 102  DDB
A1: Kelly's Boutique Depreciation Schedule
A3: Asset # | B3: 102
A4: Asset | B4: Computer System
A5: Date acquired | B5: 39814
A6: Cost | B6: 65000
A7: Depreciation method | B7: DDB
A8: Salvage value | B8: 1000
A9: Estimated useful life | B9: 5
A11: Year | B11: Depreciation Expense | C11: Accumulated Depreciation | E11: Straight-Line Test | F11: Switch | G11: Depreciation Expense | H11: Accumulated Depreciation
A12: 2009
A13: 2010
A14: 2011
A15: 2012
A16: 2013

Sheet Asset 103  DDB
A1: Kelly's Boutique Depreciation Schedule
A3: Asset # | B3: 103
A4: Asset | B4: Phone System
A5: Date acquired | B5: 39814
A6: Cost | B6: 46500
A7: Depreciation method | B7: DDB
A8: Salvage value | B8: 1000
A9: Estimated useful life | B9: 5
A11: Year | B11: Depreciation Expense | C11: Accumulated Depreciation | E11: Straight-Line Test | F11: Switch | G11: Depreciation Expense | H11: Accumulated Depreciation
A12: 2009
A13: 2010
A14: 2011
A15: 2012
A16: 2013

Sheet Summary SYD
A1: Kelly's Boutique
A2: Equipment Depreciation Summary
A4: Asset | B4: Date Acquired | C4: Cost | D4: Deprec. Method | E4: 2007 Deprec. | F4: 2007 Acc. Deprec. | G4: 2008 Deprec. | H4: 2008 Acc. Deprec. | I4: 2009 Deprec. | J4: 2009 Acc. Deprec. | K4: 2010 Deprec. | L4: 2010 Acc. Deprec.
A5: ='Asset 101 SYD'!B4 -> Building | B5: ='Asset 101 SYD'!B5 -> 39083
A6: ='Asset 102 SYD'!B4 -> Computer System | B6: ='Asset 102 SYD'!B5 -> 39814
A7: ='Asset 103 SYD'!B4 -> Phone System | B7: ='Asset 103 SYD'!B5 -> 39814
A11: Total | C11: =SUM(C5:C10) -> 0 | E11: =SUM(E5:E10) -> 0 | F11: =SUM(F5:F10) -> 0 | G11: =SUM(G5:G10) -> 0 | H11: =SUM(H5:H10) -> 0 | I11: =SUM(I5:I10) -> 0 | J11: =SUM(J5:J10) -> 0 | K11: =SUM(K5:K10) -> 0 | L11: =SUM(L5:L10) -> 0

Sheet Asset 101  SYD
A1: Kelly's Boutique Depreciation Schedule
A3: Asset # | B3: 101
A4: Asset | B4: Building
A5: Date acquired | B5: 39083
A6: Cost | B6: 500000
A7: Depreciation method | B7: SYD
A8: Salvage value | B8: 50000
A9: Estimated useful life | B9: 20
A11: Year | B11: Depreciation Expense | C11: Accumulated Depreciation
A12: 2007
A13: 2008
A14: 2009
A15: 2010
A16: 2011
A17: 2012
A18: 2013
A19: 2014
A20: 2015
A21: 2016
A22: 2017
A23: 2018
... A31: 2026

Sheet Asset 102  SYD
A1: Kelly's Boutique Depreciation Schedule
A3: Asset # | B3: 102
A4: Asset | B4: Computer System
A5: Date acquired | B5: 39814
A6: Cost | B6: 65000
A7: Depreciation method | B7: SYD
A8: Salvage value | B8: 1000
A9: Estimated useful life | B9: 5
A11: Year | B11: Depreciation Expense | C11: Accumulated Depreciation
A12: 2009
A13: 2010
A14: 2011
A15: 2012
A16: 2013

Sheet Asset 103  SYD
A1: Kelly's Boutique Depreciation Schedule
A3: Asset # | B3: 103
A4: Asset | B4: Phone System
A5: Date acquired | B5: 39814
A6: Cost | B6: 46500
A7: Depreciation method | B7: SYD
A8: Salvage value | B8: 1000
A9: Estimated useful life | B9: 5
A11: Year | B11: Depreciation Expense | C11: Accumulated Depreciation
A12: 2009
A13: 2010
A14: 2011
A15: 2012
A16: 2013

Sheet Chart

Sheet Sheet3
